 Dungeon Crawl Stone Soup version 0.19.0-2-gae57169 (webtiles) character file.

26860 tsouns the Fighter (level 13, -2/83 HPs)
             Began as a Gargoyle Enchanter on Nov 6, 2016.
             Was a High Priest of Cheibriados.
             Slain by a yak (6 damage)
             ... on level 5 of the Lair of Beasts.
             The game lasted 00:51:38 (13576 turns).

tsouns the Fighter (Gargoyle Enchanter)            Turns: 13576, Time: 00:51:38

Health: -2/83      AC: 18    Str: 26    XL:     13   Next: 28%
Magic:  2/25       EV: 19    Int: 31    God:    Cheibriados [*****.]
Gold:   797        SH:  0    Dex: 22    Spells: 6 memorised, 13 levels left

rFire  . . .     SeeInvis .     Q - +2 whip (elec)
rCold  . . .     Gourm    .     R - +1 robe {MR+}
rNeg   + . .     Faith    +     (no shield)
rPois  ∞         Spirit   .     i - +2 helmet
rElec  +         Reflect  .     h - +0 cloak
rCorr  .         Harm     .     x - +1 pair of gloves
MR     +....                    (no boots)
Stlth  ++++......               A - amulet of faith
                                M - +1 ring of evasion (curse)
                                l - +2 ring of evasion

@: very slow
A: negative energy resistance 1, electricity resistance, unbreathing,
petrification resistance, rot immunity, AC +9
a: Bend Time, Temporal Distortion, Slouch, Step From Time, Renounce Religion


You were on level 5 of the Lair of Beasts.
You worshipped Cheibriados.
Cheibriados was extremely pleased with you.
You were hungry.

You visited 2 branches of the dungeon, and saw 14 of its levels.
You also visited: Sewer.

You collected 887 gold pieces.
You spent 90 gold pieces at shops.

Inventory:

Hand Weapons
 a - a +2 short sword of venom
 v - a +0 mace of holy wrath
 K - a +1 mace of crushing
 Q - a +2 whip of electrocution (weapon)
 Y - a +0 blowgun
 Z - a +0 dagger of distortion
Missiles
 j - 2 steel tomahawks (quivered)
 m - 8 curare-tipped needles
 o - 14 javelins
 I - 5 tomahawks
Armour
 h - a +0 cloak (worn)
 i - a +2 helmet (worn)
 x - a +1 pair of gloves (worn)
 R - a +1 robe of magic resistance (worn)
Jewellery
 l - a +2 ring of evasion (left hand)
 A - an amulet of faith (around neck)
 H - an uncursed ring of resist corrosion
 M - a cursed +1 ring of evasion (right hand)
Wands
 t - a wand of digging (20/24)
 w - a wand of lightning (5/15)
 D - a wand of iceblast (6/15)
 N - a wand of digging (6/24)
 O - a wand of disintegration (14/24)
 W - a wand of iceblast (8/15)
 X - a wand of paralysis (6/24)
Scrolls
 b - a scroll of enchant weapon
 s - 5 scrolls of teleportation
 u - 8 scrolls of fog
 y - a scroll of recharging
 C - 5 scrolls of magic mapping
 E - 4 scrolls of remove curse
 L - 4 scrolls of identify
Potions
 e - a potion of cancellation
 g - 2 potions of ambrosia
 k - 8 potions of curing
 r - 4 potions of flight
 z - 3 potions of might
 B - 3 potions of brilliance
 F - 6 potions of heal wounds
 G - 2 potions of magic
 P - 3 potions of agility
Books
 c - a book of Maledictions

   Spells                             Type                      Level
   a - Corona                         Hexes                        1
   b - Ensorcelled Hibernation        Hexes/Ice                    2
   c - Confuse                        Hexes                        3
   d - Tukima's Dance                 Hexes                        3
   e - Dazzling Spray                 Conjuration/Hexes            3
 q - a book of Power

   Spells                             Type                      Level
   a - Fulminant Prism                Conjuration/Hexes            4
   b - Iskenderun's Mystic Blast      Conjuration                  4
   c - Venom Bolt                     Conjuration/Poison           5
   d - Bolt of Magma                  Conjuration/Fire/Earth       5
   e - Iron Shot                      Conjuration/Earth            6
   f - Orb of Destruction             Conjuration                  7
   g - Spellforged Servitor           Conjuration/Summoning        7
 T - a book of Cantrips

   Spells                             Type                      Level
   a - Confusing Touch                Hexes                        1
   b - Animate Skeleton               Necromancy                   1
   c - Summon Small Mammal            Summoning                    1
   d - Apportation                    Translocation                1
 V - a book of Transfigurations

   Spells                             Type                      Level
   a - Irradiate                      Conjuration/Transmutation    5
   b - Statue Form                    Transmutation/Earth          6
   c - Hydra Form                     Transmutation                6
   d - Dragon Form                    Transmutation                7
Miscellaneous
 U - a fan of gales
Comestibles
 d - 14 bread rations
 f - 2 chunks of flesh
 p - 7 meat rations
 J - 3 fruits


   Skills:
 + Level 10.4 Fighting
 - Level 5.3 Short Blades
 - Level 7.1 Maces & Flails
 + Level 5.0 Dodging
 - Level 8.8 Stealth
 + Level 8.8 Spellcasting
 + Level 10.1 Conjurations
 - Level 2.6 Hexes
 - Level 9.2 Invocations


You had 13 spell levels left.
You knew the following spells:

 Your Spells              Type           Power        Failure   Level  Hunger
a - Corona                Hex            ####...      1%          1    None
b - Ensorcelled Hibernat  Hex/Ice        ###...       3%          2    None
c - Confuse               Hex            ####....     4%          3    None
d - Tukima's Dance        Hex            ####....     4%          3    None
e - Iskenderun's Mystic   Conj           ######..     1%          4    None
f - Dazzling Spray        Conj/Hex       ######       1%          3    None


Dungeon Overview and Level Annotations

Branches:
Dungeon (9/15)             Temple (0/1) D:7            Lair (5/6) D:9
  Swamp (0/4) Lair:4        Snake (0/4) Lair:2
  Slime: Lair:5-6       Orc: D:9-12

Altars:
Ashenzari
Cheibriados
Elyvilon
Fedhas
Gozag
Hepliaklqana
Makhleb
Nemelex Xobeh
Uskayaw
Yredelemnul
Zin

Shops:
D:4 [   D:7 *


Innate Abilities, Weirdness & Mutations

You are resistant to torment.
Your stone body is resilient. (AC +9)
You are immune to poison.
You resist negative energy. (rN+)
You are resistant to electric shocks. (rElec)
You can survive without breathing.
You are immune to petrification.
You are immune to rotting.


Message History

You barely miss the yak.
The yak is almost dead.
The yak completely misses you.
You completely miss the yak.
The yak is almost dead.
The yak misses you.
You hit the yak.
The yak is almost dead.
You hit the yak but do no damage.
The yak is almost dead.
The yak gores you!
* * * LOW HITPOINT WARNING * * *
A porcupine comes into view.
You barely miss the yak.
The yak is almost dead.
The yak closely misses you.
You hit the yak.
The yak is almost dead.
The yak gores you.
You die...

# #.## . . .. P..#
# .#.. ...# . ...
#...# . .
##.####....♣♣P .
..#...#@#......≈ .
...†...Y†......≈P
.
......(.........≈
.
≈.r........(...P≈
.
..≈≈≈.......#....≈
≈
≈≈≈≈≈≈.#.P.##.##♣≈
≈ ≈≈≈##≈≈........#
≈
≈≈≈≈.≈≈≈....#.P##
≈
#≈≈≈≈≈≈≈.#......#


You could see a yak and a porcupine.

Vanquished Creatures
  Josephine (Lair:5)
  A hydra (Lair:3)
  An ice dragon (Lair:5)
  Erica (Lair:2)
  Sonja (Lair:4)
  A hill giant (D:8)
  Pikel (D:7)
  7 elephants (Lair:2)
  5 black mambas
  7 spiny frogs
  3 rime drakes
  6 komodo dragons
  A polar bear (Lair:5)
  11 blink frogs
  6 hippogriffs
  5 dream sheep (Lair:4)
  3 wraiths (Lair:5)
  10 yaks
  Grum (Lair:1)
  A basilisk (Lair:2)
  A wyvern (Lair:4)
  A hungry ghost (D:7)
  3 swamp worms (Lair:4)
  12 water moccasins
  7 porcupines
  2 black bears
  A phantom (D:5)
  A hornet zombie (D:7)
  3 sky beasts
  An orc warrior (D:7)
  3 ogres
  6 centaurs
  11 wolves
  11 crocodiles
  A big kobold (D:9)
  13 bullfrogs
  3 wights (D:9)
  The ghost of Xiguana the Magician, a weakling DgWz (D:3)
  5 electric eels
  3 crimson imps
  2 jellies
  4 hounds
  2 bullfrog skeletons (D:8)
  3 orc priests
  Crazy Yiuf (D:7)
  2 orc wizards
  An iguana (D:6)
  A siren (Sewer)
  6 worker ants
  A merfolk avatar (Sewer)
  2 hound zombies
  2 howler monkey zombies
  Robin (D:2)
  3 gnolls (D:9)
  16 adders
  A river rat (Sewer)
  3 shadow imps
  2 white imps (Lair:5)
  An ooze (D:2)
  2 adder skeletons
  5 worms
  3 dart slugs
  9 leopard geckos
  11 orcs
  8 giant cockroaches
  2 gnoll zombies (D:5)
  17 goblins
  8 hobgoblins
  6 jackals
  3 quokkas
  7 ball pythons
  4 bats
  7 frilled lizards
  13 kobolds
  A leopard gecko skeleton (D:4)
  32 rats
  A fungus (Lair:5)
355 creatures vanquished.

Vanquished Creatures (others)
  An ice beast (D:7)
  2 slaves (D:7)
  An orc priest (D:7)
  An adder (D:7)
  2 orcs (D:7)
  2 fungi
  A plant (Lair:5)
10 creatures vanquished.

Grand Total: 365 creatures vanquished

Notes
Turn   | Place    | Note
-------+----------+-------------------------------------------
     0 | D:1      | tsouns the Gargoyle Enchanter began the quest for the Orb.
     0 | D:1      | Reached XP level 1. HP: 10/10 MP: 3/3
    17 | D:1      | Reached skill level 1 in Short Blades
   410 | D:1      | Reached XP level 2. HP: 16/16 MP: 5/5
   416 | D:1      | Learned a level 2 spell: Ensorcelled Hibernation
   636 | D:1      | Reached skill level 1 in Fighting
   877 | D:2      | Reached XP level 3. HP: 17/20 MP: 0/6
   959 | D:2      | Found a faded altar of an unknown god.
   967 | D:2      | Became a worshipper of Cheibriados the Contemplative
   967 | D:2      | Reached * piety under Cheibriados
   992 | D:2      | Found a hide-covered altar of Uskayaw.
  1131 | D:2      | Noticed Robin
  1202 | D:2      | Killed Robin
  1207 | D:2      | HP: 1/21 [goblin/dagger of venom[Robin] (2)]
  1216 | D:2      | Reached XP level 4. HP: 22/26 MP: 2/7
  1711 | D:3      | Reached ** piety under Cheibriados
  1790 | D:3      | Found a glowing drain.
  1815 | Sewer    | Entered a sewer
  1938 | Sewer    | Reached XP level 5. HP: 18/31 MP: 8/8
  1991 | Sewer    | Reached *** piety under Cheibriados
  2065 | Sewer    | Noticed a malarious merfolk avatar
  2075 | Sewer    | Reached skill level 1 in Invocations
  2101 | Sewer    | Killed a malarious merfolk avatar
  2129 | Sewer    | Learned a level 3 spell: Confuse
  2210 | D:3      | Noticed Xiguana's ghost (weakling DgWz)
  2215 | D:3      | Reached **** piety under Cheibriados
  2233 | D:3      | Killed Xiguana's ghost
  2233 | D:3      | Reached XP level 6. HP: 34/37 MP: 1/9
  2968 | D:4      | Reached skill level 5 in Stealth
  3016 | D:4      | Learned a level 3 spell: Tukima's Dance
  3722 | D:4      | Reached XP level 7. HP: 43/43 MP: 10/10
  3779 | D:4      | Found Oczuul's Antique Armour Emporium.
  3952 | D:4      | Found a faded altar of an unknown god.
  3952 | D:4      | Found a faded altar of an unknown god.
  3957 | D:4      | Found a faded altar of an unknown god.
  3959 | D:4      | Found a burning altar of Makhleb.
  3961 | D:4      | Found a faded altar of an unknown god.
  4128 | D:5      | Entered Level 5 of the Dungeon
  4341 | D:5      | Found a basalt altar of Yredelemnul.
  4902 | D:6      | Reached XP level 8. HP: 32/48 MP: 11/11
  4916 | D:6      | Reached skill level 5 in Fighting
  5287 | D:6      | Reached skill level 5 in Short Blades
  5298 | D:6      | Reached skill level 5 in Invocations
  5641 | D:6      | Found a burning altar of Makhleb.
  5649 | D:6      | Reached ***** piety under Cheibriados
  5864 | D:6      | Reached XP level 9. HP: 49/55 MP: 11/13
  6059 | D:7      | Found a staircase to the Ecumenical Temple.
  6144 | D:7      | Noticed Pikel
  6176 | D:7      | Killed Pikel
  6241 | D:7      | Found a sparkling altar of Nemelex Xobeh.
  6335 | D:7      | Found Vediwk's General Store.
  6340 | D:7      | Bought a potion of agility for 60 gold pieces
  6340 | D:7      | Bought a scroll of identify for 30 gold pieces
  6395 | D:7      | Found a snail-covered altar of Cheibriados.
  6395 | D:7      | Found a shattered altar of Ashenzari.
  6395 | D:7      | Found an opulent altar of Gozag.
  6499 | D:7      | Reached skill level 1 in Maces & Flails
  6843 | D:7      | Found a runed door.
  6851 | D:7      | Noticed Crazy Yiuf
  6855 | D:7      | Killed Crazy Yiuf
  7172 | D:8      | Reached XP level 10. HP: 64/64 MP: 15/15
  7318 | D:8      | Found a hazy altar of Hepliaklqana.
  7347 | D:8      | Noticed a hill giant
  7367 | D:8      | Killed a hill giant
  7912 | D:8      | Reached skill level 5 in Maces & Flails
  7971 | D:8      | Found a blossoming altar of Fedhas.
  7986 | D:8      | Learned a level 4 spell: Iskenderun's Mystic Blast
  8163 | D:9      | Found a white marble altar of Elyvilon.
  8520 | D:9      | Reached skill level 1 in Conjurations
  8561 | D:9      | Found a staircase to the Lair.
  8844 | Lair:1   | Entered Level 1 of the Lair of Beasts
  8996 | Lair:1   | Noticed a spiny frog
  9012 | Lair:1   | Killed a spiny frog
  9043 | Lair:1   | Reached ****** piety under Cheibriados
  9043 | Lair:1   | Reached XP level 11. HP: 43/68 MP: 17/17
  9499 | Lair:1   | Noticed Grum
  9542 | Lair:1   | Killed Grum
  9601 | Lair:1   | Reached skill level 5 in Conjurations
 10150 | Lair:2   | Reached skill level 5 in Spellcasting
 10697 | Lair:2   | Noticed Erica
 10715 | Lair:2   | Killed Erica
 10725 | Lair:2   | Reached XP level 12. HP: 31/73 MP: 6/22
 10907 | Lair:2   | Learned a level 3 spell: Dazzling Spray
 10921 | Lair:2   | Found a glowing silver altar of Zin.
 10968 | Lair:2   | Found a staircase to the Snake Pit.
 11581 | Lair:3   | You fall through a shaft for 2 floors!
 11937 | Lair:3   | Noticed a five-headed hydra
 11953 | Lair:3   | HP: 3/76 [five-headed hydra (10)]
 11954 | Lair:3   | Killed a five-headed hydra
 12897 | Lair:4   | Found a staircase to the Swamp.
 13122 | Lair:4   | Reached XP level 13. HP: 82/82 MP: 8/25
 13167 | Lair:4   | Noticed Sonja
 13170 | Lair:4   | Killed Sonja
 13442 | Lair:5   | Reached skill level 10 in Fighting
 13488 | Lair:5   | Noticed Josephine
 13506 | Lair:5   | Killed Josephine
 13506 | Lair:5   | Reached skill level 10 in Conjurations
 13548 | Lair:5   | Noticed an ice dragon
 13563 | Lair:5   | Killed an ice dragon
 13563 | Lair:5   | Reached skill level 5 in Dodging
 13574 | Lair:5   | HP: 4/83 [yak (8)]
 13576 | Lair:5   | Slain by a yak

Skill      XL: |  1  2  3  4  5  6  7  8  9 10 11 12 13 |
---------------+----------------------------------------+-----
Short Blades   | 1 2 3 4 5 |  5.3
Fighting       | 1 2 3 4 6 7 8 9 10 | 10.4
Stealth        | 4 5 6 7 8 |  8.8
Invocations    | 1 2 3 5 7 8 9 |  9.2
Maces & Flails | 3 6 7 |  7.1
Conjurations   | 3 7 9 10 | 10.1
Spellcasting   | 3 6 8 |  8.8
Dodging        | 4 5 |  5.0
Hexes          | |  2.6

Action                   |  1- 3 |  4- 6 |  7- 9 | 10-12 | 13-15 || total
-------------------------+-------+-------+-------+-------+-------++-------
Melee: Dagger            |   103 |   258 |   268 |   216 |    21 ||   866
       Short sword       |    14 |       |       |       |    43 ||    57
       Rapier            |       |     8 |       |       |       ||     8
       Whip              |       |       |    68 |   359 |    19 ||   446
Throw: Tomahawk          |       |       |     1 |     2 |     1 ||     4
 Cast: Corona            |    12 |       |       |       |       ||    12
       Ensorcelled Hiber |     7 |     1 |     5 |    52 |     7 ||    72
       Confuse           |       |     3 |       |     4 |     2 ||     9
       Iskenderun's Myst |       |       |       |    34 |     9 ||    43
Invok: Slouch            |       |     1 |       |     4 |     4 ||     9
Evoke: Wand              |       |       |       |     1 |     1 ||     2
  Use: Scroll            |     9 |     5 |     5 |     9 |       ||    28
       Potion            |     3 |       |       |     3 |       ||     6
 Stab: Sleeping          |     8 |    18 |    14 |    34 |     5 ||    79
       Distracted        |     1 |     1 |       |     2 |       ||     4
       Invisible         |       |       |       |     8 |       ||     8
  Eat: Chunk             |     1 |     5 |     5 |     3 |     1 ||    15
       Pizza             |       |       |     2 |       |       ||     2
       Bread ration      |       |       |     1 |     1 |       ||     2
       Royal jelly       |       |       |       |     1 |       ||     1
Armor: Robe              |    60 |    87 |   114 |   259 |    29 ||   549
Dodge: Dodged            |    80 |   161 |   210 |   492 |    92 ||  1035
